 Dungeon Crawl Stone Soup version 0.30-a0-634-g8abc85282e (webtiles) character file.

Game seed: 1042293862091032416

81 Dirtsage the Changer (level 4, 0/33 HPs)
             Began as an Octopode Transmuter on Jan 14, 2023.
             Slain by a gnoll
             ... wielding a +0 spear
              (4 damage)
             ... on level 2 of the Dungeon.
             The game lasted 00:02:22 (1047 turns).

Dirtsage the Changer (Octopode Transmuter)          Turns: 1047, Time: 00:02:23

Health: 0/33       AC:  6    Str:  9    XL:     4   Next: 42%
Magic:  3/7        EV: 10    Int: 17    God:
Gold:   29         SH:  0    Dex: 12    Spells: 0/7 levels left

rFire   x . .      SeeInvis .      - Unarmed
rCold   + + +      Faith    .    (shield currently unavailable)
rNeg    . . .      Spirit   .    (helmet currently unavailable)
rPois   +          Reflect  .    (no amulet)
rElec   .          Harm     .    (no ring)
rCorr   .          Rampage  .    (no ring)
Will    .....                    (no ring)
Stlth   +                        (no ring)
HPRegen 0.25/turn                (no ring)
MPRegen 0.10/turn                (no ring)
                                 (no ring)
                                 (no ring)

@: ice-form, wereblooded
A: freezing attack, boosted hp, almost no armour, amphibious, 8 rings, large,
(camouflage 1), (gelatinous body 1), (nimble swimmer 1), (tentacles)
a: End Transformation


You were on level 2 of the Dungeon.
You were a creature of crystalline ice.
You visited 1 branch of the dungeon, and saw 2 of its levels.

You collected 29 gold pieces.

Inventory:

Scrolls
 b - a scroll of teleportation {unknown}
 c - a scroll of silence {unknown}
 d - a scroll of vulnerability {unknown}
 e - a scroll of identify {unknown}
Potions
 a - 2 potions of lignification


   Skills:
 - Level 1.0 Fighting
 - Level 2.0 Dodging
 - Level 3.0 Unarmed Combat
 - Level 2.0 Spellcasting
 * Level 3.4 Transmutations
 * Level 2.6 Ice Magic


You couldn't memorise any spells.
You knew the following spells:

 Your Spells              Type           Power      Damage    Failure   Level
a - Beastly Appendage     Tmut           26%        N/A       4%          1
b - Wereblood             Tmut           13%        N/A       7%          2
c - Ice Form              Ice/Tmut       12%        N/A       50%         4

Your spell library contained the following spells:

 Spells                   Type           Power      Damage    Failure   Level
 Spider Form              Tmut/Pois      7%         N/A       28%         3


Dungeon Overview and Level Annotations

Branches:
Dungeon (2/15)

Altars:

Shops:
D:1 *


Innate Abilities, Weirdness & Mutations

You are a creature of crystalline ice.
You have a powerful freezing melee attack.
Your maximum health is increased.
Your armour is entirely melded.
You are incapable of wielding weapons or throwing items.
You cannot wear most types of armour.
You are amphibious.
You can wear up to eight rings at the same time.
((Your skin changes colour to match your surroundings (Stealth+).))
((Your rubbery body absorbs attacks. (AC +1, EV +1)))
((You are camouflaged when in or above water. (Stealth+)))
((You have tentacles for arms and can constrict up to eight enemies at once.))


Message History

The gnoll hits you with a +0 flail!
You take 8 damage, and have 25/33 hp.
MASSIVE DAMAGE!!
You punch the gnoll! You freeze the gnoll.
You feel a bit better.
You kill the gnoll!
You regained 3 hp, and now have 28/33 hp.
Things that are here:
a +0 flail; a +0 whip; a gnoll corpse The gnoll shouts!
The gnoll throws a throwing net.
The throwing net hits you.
You become entangled in the net!
You see here a throwing net.
You struggle against the net.
The gnoll hits you from afar with a +0 spear.
You take 5 damage, and have 24/33 hp.
You struggle against the net.
The gnoll hits you but does no damage. The gnoll hits you with a +0 flail!
You take 7 damage, and have 17/33 hp.
MASSIVE DAMAGE!!
You struggle against the net.
The gnoll hits you but does no damage. The gnoll hits you with a +0 flail!
You take 7 damage, and have 10/33 hp.
MASSIVE DAMAGE!!
You shred the net and break free!
You howl as the wereblood boils in your veins!
The gnoll misses you. The gnoll hits you with a +0 flail.
* * * LOW HITPOINT WARNING * * *
You take 4 damage, and have 6/33 hp.
You hit the gnoll. You freeze the gnoll.
The gnoll is heavily wounded.
The gnoll hits you from afar with a +0 spear.
* * * LOW HITPOINT WARNING * * *
The gnoll barely misses you.
You take 4 damage, and have 2/33 hp.
You barely miss the gnoll.
The gnoll is heavily wounded.
The gnoll closely misses you. The gnoll barely misses you.
You punch the gnoll! You freeze the gnoll.
You feel a bit better.
You kill the gnoll!
The gnoll barely misses you.
You regained 2 hp, and now have 4/33 hp.
The gnoll hits you with a +0 spear.
You die...

# # ######## #
......# #
#.....#### #
#........ # #.....#
# #.gY..######. ###
.######.....!...
#.. .........######
##. ..######.####
#. #.)..# #.
#####.### #.
##.......###### #.
##.............###.
#..........###...#.


You could see a gnoll.

Vanquished Creatures
  3 gnolls (D:2)
  2 worms (D:2)
  A dart slug (D:1)
  3 ball pythons (D:1)
  4 endoplasms (D:1)
  A giant cockroach (D:1)
  5 goblins
  A hobgoblin (D:1)
  3 jackals (D:1)
  6 kobolds
  3 quokkas (D:1)
  4 bats
  A frilled lizard (D:1)
  4 rats
41 creatures vanquished.

Notes
Turn   | Place    | Note
-------+----------+-------------------------------------------
     0 | D:1      | Dirtsage the Octopode Transmuter began the quest for the
                  | Orb.
     0 | D:1      | Reached XP level 1. HP: 13/13 MP: 3/3
   135 | D:1      | Reached skill level 1 in Ice Magic
   135 | D:1      | Reached XP level 2. HP: 18/18 MP: 3/5
   305 | D:1      | Reached XP level 3. HP: 3/23 MP: 4/6
   437 | D:1      | Found Banoxz Xoop's General Store.
   873 | D:2      | HP: 1/23 [worm (10)]
  1000 | D:2      | Reached XP level 4. HP: 28/28 MP: 4/7
  1013 | D:2      | Learned a level 2 spell: Wereblood
  1018 | D:2      | Learned a level 4 spell: Ice Form
  1047 | D:2      | Slain by a gnoll

Illustrated notes

Levels and vault maps discovered:
D:1:      minmay_arrival_diagonal_passages, layout_basic, serial_shops,
          nicolae_shop_hallway_plus
D:2:      layout_rooms, serial_park_tiny_pond, chequers_decorated_corner,
          uniq_sigmund, uniq_natasha

Skill      XL: |  1  2  3 |
---------------+----------+-----
Ice Magic      | 1 2 |  2.6
Transmutations | 3 |  3.4
Fighting       | |  1.0
Dodging        | |  2.0
Unarmed Combat | |  3.0
Spellcasting   | |  2.0

Action                   |  1- 3 |  4- 6 || total
-------------------------+-------+-------++-------
Melee: Unarmed           |    79 |     5 ||    84
       Constrict         |    26 |       ||    26
       Tentacles         |    18 |       ||    18
       Kick              |    13 |       ||    13
       Punch             |     1 |       ||     1
 Cast: Beastly Appendage |    10 |       ||    10
       Ice Form          |       |     1 ||     1
       Wereblood         |       |     1 ||     1
 Stab: Sleeping          |     4 |       ||     4
Armor: Skin              |     4 |     2 ||     6
Dodge: Dodged            |    38 |     5 ||    43

Table legend: (Time is in decaauts)
 A = Elapsed time spent in this place.
 B = Non-inter-level travel time spent in this place.
 C = Inter-level travel time spent in this place.
 D = Time resting spent in this place.
 E = Time spent auto-exploring this place.
 F = Levels seen in this place.
 G = Mean time per level.
                   A        B        C        D        E       F      G
               +--------+--------+--------+--------+--------+-----+--------+
         Total |   1042 |   1028 |     14 |     86 |    682 |   2 |  521.0 |
       Dungeon |   1042 |   1028 |     14 |     86 |    682 |   2 |  521.0 |
               +--------+--------+--------+--------+--------+-----+--------+

Top non-repeatable levels by time:
     D:1: 719 daAuts
     D:2: 323 daAuts
